Map: Prion Terraces

Players

ChefSegpa

  • Race: Terran Terran
  • League: Master

Miszu - Winner!

  • Race: Terran Terran
  • League: Master

VOD

Have the link to the VOD?

Description

Time

  • Played on: April 9, 2016, 3:34 p.m.
  • Length: 5:35
Show
View Real Time Build Order
Export as new Build Order

ChefSegpa Terran 

Build Orders:  

Get SALT Encoding   

  12  0:01  SCV  
  13  0:13  SCV  
  14  0:17  Supply Depot  
  14  0:26  SCV  
  15  0:31  Refinery  
  15  0:41  Barracks  
  15  0:44  SCV  
  16  0:59  Barracks  
  16  1:04  SCV  
  17  1:16  SCV  
  18  1:31  Reaper, Orbital Command  
  19  1:51  Supply Depot, Reaper  
  19  1:57  SCV  
  20  2:05  Reaper  
  21  2:12  SCV  
  22  2:26  Command Center  
  22  2:28  Reaper  
  24  2:30  SCV  
  24  2:32  Refinery  
  24  2:40  Barracks Reactor  
  24  2:42  SCV  
  24  2:55  SCV  
  25  3:03  Marine  
  25  3:07  Bunker, SCV  
  25  3:08  Factory  
  27  3:22  Marine x2  
  29  3:29  Supply Depot  
  28  3:35  Engineering Bay  
  28  3:38  SCV  
  29  3:42  Barracks Tech Lab  
  29  3:53  Marine x2  
  31  3:58  Factory Tech Lab  
  31  4:00  SCV  
  32  4:03  SCV  
  32  4:07  Marine  
  34  4:13  Marine  
  34  4:15  SCV  
  36  4:21  Supply Depot, SCV  
  34  4:32  SCV  
  34  4:35  Marine x2  
  27  4:39  Cyclone  
  27  4:42  SCV  
  31  4:49  Marauder  
  31  4:51  SCV  
  31  4:52  Marine  
  31  4:53  Marine  
  32  5:00  SCV  
  32  5:03  SCV  
  29  5:12  SCV  
  29  5:14  Marine x2  
  24  5:22  SCV  
  24  5:26  Refinery  
Show
View Real Time Build Order
Export as new Build Order

Miszu Terran - Winner!

Build Orders: Liberator Opening 

Get SALT Encoding   

  12  0:02  SCV  
  13  0:14  SCV  
  14  0:18  Supply Depot  
  14  0:26  SCV  
  15  0:39  SCV  
  16  0:43  Barracks  
  16  0:46  Refinery  
  16  0:51  SCV  
  16  0:53  Refinery  
  17  1:04  SCV  
  18  1:16  SCV  
  19  1:29  Orbital Command  
  19  1:30  Marine  
  20  1:34  Supply Depot  
  20  1:48  Marine  
  20  1:50  Factory  
  21  1:55  SCV  
  22  2:05  Marine  
  22  2:07  SCV  
  24  2:19  SCV  
  24  2:28  Marine  
  25  2:31  SCV  
  25  2:34  Hellion  
  25  2:35  Starport  
  28  2:41  Supply Depot  
  28  2:43  SCV  
  29  2:46  Marine  
  30  2:56  SCV  
  31  3:03  Hellion  
  31  3:04  Supply Depot, Marine  
  34  3:13  Medivac  
  36  3:22  Marine  
  36  3:23  SCV  
  36  3:26  Hellion, Liberator  
  40  3:28  Supply Depot  
  40  3:36  SCV  
  45  3:51  Hellion  
  45  3:52  SCV  
  45  3:53  Barracks Reactor  
  47  4:05  SCV  
  48  4:11  Command Center  
  48  4:17  SCV  
  42  4:39  Marine  
  42  4:40  Marine  
  42  4:41  SCV  
  45  4:47  Starport Tech Lab, Factory Reactor  
  45  4:49  Barracks  
  45  4:50  Barracks  
  45  4:53  SCV  
  46  5:05  SCV  
  47  5:17  SCV  
Tags
 
Add a new tag
Caveats
  • Supply blocks, unpowered buildings, or Contaminate may cause inaccurate times.
  • Supply counts are checked every 10 seconds.